Map: [ESL] Tropical Sacrifice

Players

Kelazhur - Winner!

  • Race: Terran Terran
  • League: Master
  • Spawn Location: 1:00

Neeb

  • Race: Protoss Protoss
  • League: Grandmaster
  • Spawn Location: 7:00

Event: TSL 9

VOD

Have the link to the VOD?

Description

Time

  • Played on: Aug. 5, 2022, 12:34 p.m.
  • Length: 15:46
Show
View Real Time Build Order
Export as new Build Order

Kelazhur Terran - Winner!

Build Orders:  

Get SALT Encoding   

  12  0:00  SCV  
  13  0:12  SCV  
  14  0:17  Supply Depot  
  14  0:24  SCV  
  15  0:39  SCV, Barracks  
  16  0:45  Refinery  
  16  0:51  SCV  
  17  1:03  SCV  
  18  1:05  Engineering Bay  
  18  1:15  SCV  
  19  1:28  Marine  
  19  1:29  Orbital Command  
  20  1:54  SCV  
  20  1:56  Factory  
  21  2:03  Command Center  
  21  2:06  Barracks Reactor  
  21  2:11  SCV  
  22  2:16  Supply Depot  
  22  2:23  SCV  
  22  2:29  Refinery  
  23  2:38  SCV  
  23  2:42  Starport  
  24  2:45  Hellion  
  24  2:46  Hellion  
  28  2:51  Supply Depot  
  28  2:55  SCV  
  29  3:07  Widow Mine  
  31  3:13  SCV, Widow Mine  
  31  3:16  Orbital Command  
  34  3:20  Medivac  
  34  3:24  Marine  
  34  3:25  SCV  
  38  3:39  Widow Mine x2  
  38  3:40  SCV  
  40  3:42  SCV  
  38  3:50  Viking  
  38  3:52  SCV  
  41  3:56  SCV  
  43  4:04  SCV  
  43  4:08  SCV  
  43  4:09  Supply Depot, Factory Tech Lab  
  44  4:10  Marine  
  44  4:11  Marine  
  44  4:16  SCV  
  47  4:20  SCV  
  48  4:28  SCV, Marine x2  
  51  4:32  SCV  
  51  4:36  Cyclone  
  51  4:37  Viking  
  55  4:39  Supply Depot  
  55  4:40  SCV  
  52  4:46  Marine x2  
  52  4:48  SCV  
  56  4:52  SCV  
  56  4:55  Command Center  
  56  5:00  SCV  
  56  5:04  SCV, Marine x2  
  60  5:07  Supply Depot  
  60  5:12  Cyclone, Starport Tech Lab  
  63  5:15  SCV  
  63  5:19  SCV  
  65  5:23  Marine x2  
  65  5:24  Barracks  
  65  5:27  SCV  
  68  5:29  Barracks  
  68  5:33  Supply Depot, SCV  
  69  5:36  Engineering Bay  
  69  5:40  SCV  
  70  5:44  Refinery  
  70  5:45  SCV, Marine x2  
  73  5:52  SCV  
  73  5:55  Starport Reactor  
  73  5:56  Supply Depot  
  74  5:57  SCV  
  74  6:04  SCV  
  76  6:06  Marine x2  
  76  6:09  SCV  
  75  6:24  Marine  
  74  6:28  Orbital Command  
  74  6:29  SCV  
  74  6:30  SCV, Terran Infantry Weapons Level 1  
  74  6:31  Barracks x2  
  68  6:34  Factory Reactor  
  68  6:38  Combat Shield, Marauder  
  69  6:40  Stimpack, Marine  
  69  6:41  SCV, Marine  
  69  6:43  Refinery  
  69  6:44  SCV  
  69  6:47  Marine  
  73  6:48  Medivac x2  
  73  6:52  Orbital Command  
  73  6:53  SCV  
  79  6:57  Missile Turret  
  79  6:58  SCV, Missile Turret  
  79  7:00  Marine  
  79  7:01  Marauder x2  
  85  7:04  Marine  
  85  7:05  SCV  
  85  7:10  SCV  
  85  7:11  Widow Mine x2  
  90  7:18  SCV  
  90  7:20  SCV  
  90  7:21  Barracks Tech Lab  
  90  7:22  Barracks Reactor, Bunker  
  92  7:23  SCV, Medivac x2  
  92  7:25  Marauder x2, Marine x2  
  103  7:30  SCV  
  103  7:31  Refinery  
  103  7:32  SCV  
  103  7:36  Widow Mine x2  
  109  7:40  Supply Depot  
  109  7:42  Armory  
  109  7:48  Supply Depot  
  109  7:53  Supply Depot  
  109  7:59  Supply Depot  
  109  8:00  Concussive Shells  
  109  8:01  SCV x2, Marine x4  
  109  8:02  Marauder  
  117  8:10  SCV, Widow Mine x2, Marauder  
  117  8:12  Command Center  
  124  8:14  SCV  
  124  8:15  Marauder  
  124  8:17  Medivac x2  
  131  8:21  Marine  
  131  8:22  Marine x2  
  131  8:23  Marauder  
  131  8:24  SCV  
  137  8:27  Supply Depot x2  
  137  8:28  Refinery  
  137  8:32  Supply Depot, Terran Infantry Weapons Level 2  
  137  8:42  Engineering Bay, Marauder x2  
  141  8:48  Marine x2  
  141  8:49  Marauder, Marine x2  
  147  9:02  Marine  
  147  9:03  Marauder  
  147  9:08  Marine x2  
  147  9:09  Ghost Academy  
  152  9:10  Marauder  
  151  9:18  Marine x2  
  151  9:21  Marauder  
  151  9:23  Ghost Academy  
  153  9:24  Marauder  
  147  9:35  Viking x2, Marauder  
  147  9:38  Marine x2  
  147  9:43  Marauder, Marine x2  
  151  9:47  SCV x3  
  151  9:48  Barracks  
  151  9:49  Barracks  
  151  9:51  Barracks  
  142  10:02  Missile Turret, Marauder  
  142  10:04  Marauder  
  142  10:05  Marauder, Marine x4  
  131  10:08  SCV x3  
  131  10:10  Terran Infantry Armor Level 1  
  134  10:20  SCV, Widow Mine  
  137  10:23  Widow Mine, Marine x4, Ghost  
  137  10:24  Ghost  
  137  10:26  Planetary Fortress, Ghost  
  137  10:27  Medivac  
  151  10:29  Medivac  
  151  10:35  SCV x2  
  155  10:36  SCV  
  155  10:39  Barracks Reactor  
  155  10:40  Barracks Tech Lab x2  
  156  10:44  Missile Turret, Widow Mine  
  156  10:45  Widow Mine, Marine  
  156  10:46  Supply Depot  
  161  10:50  Marine x3  
  161  10:51  Ghost  
  161  10:53  Ghost  
  161  10:54  Ghost  
  170  11:02  Marauder  
  170  11:04  Terran Infantry Weapons Level 3  
  173  11:11  Marauder  
  173  11:15  Marine x2  
  173  11:18  Viking x2  
  177  11:20  Marauder  
  177  11:23  Refinery x2, Starport  
  179  11:27  Command Center  
  179  11:30  Marauder  
  179  11:31  Marauder  
  183  11:33  Command Center  
  183  11:35  Missile Turret  
  183  11:41  Terran Ship Weapons Level 1, Factory Reactor  
  183  11:43  Fusion Core  
  175  12:06  Marauder x2, Marine  
  175  12:07  Marine x2  
  170  12:10  Liberator x2  
  176  12:15  Terran Infantry Armor Level 2  
  176  12:18  Liberator  
  177  12:23  Liberator  
  177  12:25  Marauder  
  177  12:26  Supply Depot, Marine x2  
  177  12:27  Marine  
  177  12:28  Marine  
  177  12:29  Supply Depot  
  186  12:30  Marine  
  186  12:32  Refinery  
  184  12:39  Marauder  
  184  12:42  Marauder x3, Marine  
  184  12:43  Enhanced Shockwaves  
  191  12:44  Marine x2  
  191  12:45  Refinery, Marine  
  192  12:52  Medivac  
  192  12:53  Medivac  
  196  13:00  Orbital Command  
  196  13:01  Command Center  
  196  13:07  Widow Mine x2  
  196  13:08  Command Center  
  187  13:20  Marauder  
  187  13:23  Marauder, Marine x4  
  187  13:24  Marine  
  179  13:27  Marine  
  179  13:29  Medivac x2, Widow Mine x2  
  179  13:30  Planetary Fortress  
  185  13:34  SCV x5  
  185  13:40  Marauder  
  183  13:46  Liberator  
  183  13:47  Liberator  
  189  13:49  Advanced Ballistics  
  189  13:57  SCV x4, Marine x4  
  189  13:58  Marine  
  196  14:13  Marauder  
  196  14:15  Widow Mine x2  
  200  14:28  Command Center  
  200  14:38  Ghost x3  
  194  14:41  Hi-Sec Auto Tracking  
Show
View Real Time Build Order
Export as new Build Order

Neeb Protoss 

Build Orders: 1 Gate Expand, Oracle Opening 

Get SALT Encoding   

  12  0:00  Probe  
  13  0:12  Probe  
  14  0:17  Pylon  
  14  0:24  Probe  
  14  0:28  Assimilator  
  15  0:36  Probe (Chrono Boost)  
  16  0:43  Gateway  
  16  0:48  Probe (Chrono Boost)  
  17  0:53  Probe (Chrono Boost)  
  18  1:05  Probe  
  19  1:17  Probe  
  20  1:32  Cybernetics Core  
  20  1:33  Nexus  
  20  1:36  Probe  
  21  1:44  Pylon  
  21  1:48  Probe  
  21  1:51  Assimilator  
  22  2:00  Probe (Chrono Boost)  
  23  2:06  Adept (Chrono Boost)  
  23  2:11  Probe (Chrono Boost)  
  23  2:14  Stargate  
  25  2:15  Probe (Chrono Boost)  
  26  2:27  Warp Gate, Probe  
  27  2:31  Adept  
  29  2:41  Shield Battery, Probe (Chrono Boost)  
  30  2:45  Probe (Chrono Boost)  
  32  2:55  Probe x2 (Chrono Boost)  
  33  2:59  Oracle (Chrono Boost)  
  33  3:03  Probe x2  
  38  3:12  Pylon  
  38  3:13  Adept  
  38  3:17  Probe  
  38  3:18  Probe  
  42  3:24  Pylon  
  42  3:29  Oracle (Chrono Boost)  
  42  3:32  Probe  
  42  3:33  Probe  
  44  3:44  Probe  
  44  3:45  Probe  
  45  3:56  Probe  
  45  3:58  Probe  
  45  4:01  Phoenix (Chrono Boost)  
  49  4:08  Gateway, Probe  
  50  4:10  Probe, Pylon  
  50  4:15  Adept  
  50  4:17  Pylon  
  53  4:21  Probe  
  53  4:22  Probe  
  53  4:23  Phoenix  
  57  4:33  Probe  
  57  4:34  Probe  
  59  4:40  Pylon  
  59  4:45  Probe  
  60  4:48  Phoenix, Probe  
  60  4:49  Assimilator  
  60  4:51  Assimilator  
  63  4:59  Robotics Facility  
  63  5:01  Probe x2  
  63  5:05  Nexus  
  65  5:13  Probe x2  
  67  5:14  Phoenix  
  67  5:24  Stalker x2  
  67  5:25  Probe x2 (Chrono Boost)  
  73  5:33  Pylon  
  73  5:38  Probe x2 (Chrono Boost)  
  75  5:44  Forge  
  75  5:45  Probe x2 (Chrono Boost)  
  75  5:46  Twilight Council  
  77  5:51  Robotics Bay  
  77  5:53  Probe  
  79  6:03  Probe  
  77  6:05  Stalker x2  
  75  6:18  Probe  
  71  6:20  Probe  
  71  6:24  Observer (Chrono Boost)  
  71  6:25  Pylon  
  71  6:26  Probe  
  72  6:35  Probe  
  72  6:36  Stalker x2  
  72  6:37  Probe  
  76  6:41  Extended Thermal Lance, Probe  
  76  6:42  Colossus (Chrono Boost)  
  76  6:43  Pylon  
  83  6:47  Probe  
  83  6:49  Probe  
  83  6:51  Assimilator  
  83  6:52  Protoss Ground Weapons Level 1 (Chrono Boost), Assimilator  
  83  6:53  Probe  
  86  6:55  Pylon  
  86  6:57  Charge  
  86  6:59  Probe  
  87  7:01  Probe  
  87  7:05  Probe  
  89  7:12  Probe, Gateway  
  89  7:14  Gateway  
  89  7:15  Sentry, Gateway x2  
  90  7:18  Gateway  
  90  7:22  Colossus (Chrono Boost)  
  98  7:30  Pylon  
  98  7:31  Sentry  
  98  7:35  Photon Cannon  
  100  7:38  Pylon  
  100  7:42  Nexus  
  100  7:45  Pylon  
  100  7:48  Sentry  
  102  7:54  Robotics Facility  
  102  7:59  Shield Battery  
  102  8:00  Stalker  
  102  8:03  Shield Battery  
  102  8:05  Shield Battery  
  104  8:07  Probe x3  
  104  8:08  Observer (Chrono Boost)  
  108  8:14  Stalker x5  
  108  8:16  Pylon  
  118  8:20  Probe x2  
  118  8:21  Probe  
  118  8:22  Observer (Chrono Boost)  
  122  8:27  Stalker  
  122  8:28  Stalker  
  126  8:37  Blink  
  126  8:43  Protoss Ground Armor Level 1 (Chrono Boost)  
  126  8:46  Warp Prism  
  126  8:47  Zealot x5  
  138  8:53  Gateway  
  138  8:57  Photon Cannon  
  138  9:09  Probe x2  
  140  9:11  Zealot x6  
  140  9:16  Zealot  
  152  9:19  Disruptor  
  152  9:22  Disruptor  
  156  9:27  Probe  
  156  9:28  Probe x2  
  149  9:31  Probe  
  134  9:39  Probe  
  134  9:40  Probe x2  
  134  9:43  Probe  
  138  9:51  Probe  
  138  9:52  Templar Archives, Probe  
  140  9:53  Probe  
  140  9:55  Probe  
  140  9:56  Zealot x3  
  140  9:57  Zealot x3  
  140  10:03  Disruptor (Chrono Boost), Probe  
  140  10:04  Disruptor (Chrono Boost), Probe  
  136  10:18  Zealot  
  138  10:23  Forge  
  138  10:29  High Templar x4, Stalker  
  138  10:30  High Templar x2  
  138  10:32  Disruptor  
  155  10:36  Nexus  
  155  10:37  Archon  
  155  10:38  Archon  
  155  10:39  Archon  
  155  10:49  Pylon  
  155  10:50  Gateway x2  
  155  10:52  Disruptor (Chrono Boost)  
  155  10:54  Gateway  
  154  11:01  Zealot, Protoss Ground Weapons Level 2 (Chrono Boost)  
  154  11:04  Protoss Ground Armor Level 2 (Chrono Boost)  
  156  11:05  Pylon  
  156  11:06  Pylon  
  156  11:07  Pylon  
  156  11:09  Disruptor (Chrono Boost), Pylon  
  156  11:11  Observer, Pylon  
  147  11:14  Dark Shrine  
  148  11:21  Zealot x8  
  148  11:23  Photon Cannon  
  148  11:25  Shield Battery  
  164  11:38  Disruptor x2 (Chrono Boost)  
  169  11:53  Zealot x4  
  169  11:54  Zealot x7  
  146  12:17  Zealot x2, Stalker x5  
  146  12:18  Zealot x3  
  146  12:21  Nexus  
  166  12:25  Shadow Stride (Chrono Boost)  
  166  12:27  Pylon  
  146  12:40  Stalker x2  
  146  12:41  Stalker x5  
  157  12:47  Shield Battery  
  157  12:48  Dark Templar  
  157  12:50  Shield Battery, Dark Templar  
  161  13:01  Stalker x2  
  165  13:12  Zealot x7  
  150  13:31  Stalker  
  150  13:32  Stalker x3  
  138  13:44  Probe x2  
  138  13:47  Probe  
  142  13:48  Probe  
  142  13:50  Zealot x7  
  156  14:03  Pylon  
  156  14:07  Pylon  
  155  14:10  Pylon  
  155  14:15  Assimilator x2  
  142  14:17  Nexus  
  142  14:22  Dark Templar x6  
  154  14:26  Dark Templar  
  152  14:41  Stalker x3  
  152  14:44  Probe x2  
  157  14:50  Probe  
  158  15:03  Stalker  
  158  15:04  Stalker x8  
  171  15:20  Pylon  
  169  15:21  Stalker  
  169  15:22  Stalker  
  169  15:25  Pylon  
Tags
 
Add a new tag
Caveats
  • Supply blocks, unpowered buildings, or Contaminate may cause inaccurate times.
  • Supply counts are checked every 10 seconds.